 Dungeon Crawl Stone Soup version 0.25.1-1-g288607f (webtiles) character file.

Game seed: 772189591800114660

1373 Grimbyte the Grappler (level 8, -1/74 HPs)
             Began as a Troll Berserker on Nov 17, 2020.
             Was a Priest of Trog.
             Slain by a killer bee (4 damage)
             ... on level 7 of the Dungeon.
             The game lasted 01:04:07 (4386 turns).

Grimbyte the Grappler (Troll Berserker)             Turns: 4386, Time: 01:04:08

Health: -1/74      AC:  7    Str: 26    XL:     8   Next: 39%
Magic:  7/7        EV: 10    Int:  5    God:    Trog [***...]
Gold:   322        SH:  0    Dex:  9    Spells: 7/7 levels left

rFire    . . .     SeeInvis .     - Unarmed
rCold    . . .     Gourm    +   (no shield)
rNeg     . . .     Faith    .   a - +1 animal skin
rPois    .         Spirit   .   (helmet restricted)
rElec    .         Reflect  .   (no cloak)
rCorr    .         Harm     .   (gloves unavailable)
MR       ++...                  (boots unavailable)
Stlth    +.........             (no amulet)
HPRegen  1.62/turn              (no ring)
MPRegen  0.10/turn              (no ring)

@: brilliant, lethally poisoned (-1 -> -6), berserk cooldown, regenerating,
hasted and slowed
A: large, unfitting armour, claws 3, fast metabolism 3, gourmand, regeneration
1, shaggy fur 1, tough skin 3
a: Berserk, Trog's Hand, Renounce Religion


You were on level 7 of the Dungeon.
You worshipped Trog.
Trog was most pleased with you.
You were not hungry.

You visited 2 branches of the dungeon, and saw 8 of its levels.

You collected 322 gold pieces.

Inventory:

Hand Weapons
 e - a +0 giant spiked club
 s - a +0 hunting sling
Missiles
 c - 76 sling bullets
 f - 4 boomerangs (quivered)
 g - 207 stones
 k - 19 poisoned darts
 l - 43 bolts
 m - 89 arrows
 y - 3 boomerangs of dispersal
 D - 4 large rocks
Armour
 a - a +1 animal skin (worn)
 H - a +0 tower shield
Jewellery
 C - an uncursed ring of teleportation
Wands
 q - a wand of disintegration (16)
Scrolls
 h - 6 scrolls of remove curse
 r - 4 scrolls of magic mapping
 t - 4 scrolls of amnesia
 v - a scroll of teleportation
 x - a scroll of fog
 A - a scroll of enchant armour
 B - a scroll of enchant weapon
 E - a scroll of immolation
 F - a scroll of noise
Potions
 d - a potion of lignification
 i - a potion of brilliance
 j - 2 potions of magic {unknown}
 n - a potion of degeneration {unknown}
 o - 2 potions of curing {unknown}
 p - a potion of haste
 G - a potion of experience {unknown}
Comestibles
 b - 14 rations


   Skills:
 - Level 2.4 Fighting
 + Level 5.2 Throwing
 - Level 2.4 Dodging
 * Level 9.0 Unarmed Combat


You had 7 spell levels left.
You didn't know any spells.
Your spell library was empty.

Dungeon Overview and Level Annotations

Branches:
Dungeon (7/15)             Temple (1/1) D:6

Altars:
Ashenzari
Cheibriados
Dithmenos
Elyvilon
Fedhas
Gozag
Hepliaklqana
Kikubaaqudgha
Makhleb
Nemelex Xobeh
Okawaru
Qazlal
Ru
Sif Muna
Trog
Uskayaw
Vehumet
Wu Jian
Xom
Yredelemnul
Zin
The Shining One


Innate Abilities, Weirdness & Mutations

You are too large for most types of armour.
You have claws for hands.
Your metabolism is lightning-fast.
You like to eat raw meat.
Your natural rate of healing is unusually fast.
You are covered in fur. (AC +1)
You have extremely tough skin. (AC +3)


Message History

The killer bee poisons you!
You miss the killer bee.
The killer bee is moderately wounded.
You feel sick. The killer bee barely misses you. The killer bee stings you.
* * * LOW HITPOINT WARNING * * *
You are more poisoned.
The killer bee poisons you!
It was a potion of brilliance.
You feel clever all of a sudden.
You feel very sick.
The killer bee stings you but does no damage.
The killer bee stings you.
* * * LOW HITPOINT WARNING * * *
You are lethally poisoned!
The killer bee poisons you!
You feel more clever all of a sudden.
* * * LOW HITPOINT WARNING * * *
You feel very sick. The killer bee misses you. The killer bee stings you.
You die...

#.. #.# #
#.#
####.##<####
...........#
####.##.##.#
# #.# .#
#.##.###.##
#.y@.......
####.######
.# .. .## .#
.# ##


You could see a killer bee.

Vanquished Creatures
  Grinder (D:5)
  An orc warrior (D:6)
  2 ice beasts
  An ogre (D:7)
  A centaur (D:6)
  2 killer bees (D:7)
  A jelly (D:6)
  2 orc priests
  A hound (D:6)
  A bullfrog skeleton (D:4)
  An iguana (D:5)
  6 orc wizards
  3 worker ants
  A worker ant zombie (D:5)
  11 adders
  A shadow imp (D:5)
  2 oozes
  An adder skeleton (D:4)
  6 worms
  3 dart slugs
  3 leopard geckos
  12 orcs
  5 giant cockroaches
  9 goblins
  9 hobgoblins
  6 kobolds
  4 quokkas
  8 bats
  9 frilled lizards
  A quokka skeleton (D:4)
  8 rats
122 creatures vanquished.

Notes
Turn   | Place    | Note
-------+----------+-------------------------------------------
     0 | D:1      | Grimbyte the Troll Berserker began the quest for the Orb.
     0 | D:1      | Reached XP level 1. HP: 22/22 MP: 0/0
    96 | D:1      | Reached XP level 2. HP: 25/29 MP: 1/1
   111 | D:1      | Reached skill level 1 in Throwing
   375 | D:1      | Reached XP level 3. HP: 36/36 MP: 2/2
   390 | D:1      | Reached ** piety under Trog
   653 | D:2      | Reached skill level 4 in Unarmed Combat
   823 | D:2      | Reached XP level 4. HP: 44/44 MP: 3/3
  1255 | D:2      | Reached skill level 5 in Unarmed Combat
  1285 | D:2      | Reached XP level 5. HP: 50/50 MP: 4/4
  1506 | D:3      | Noticed an ice beast
  1513 | D:3      | Killed an ice beast
  1625 | D:3      | Reached XP level 6. HP: 59/59 MP: 5/5
  1803 | D:3      | Found a radiant altar of Vehumet.
  1918 | D:3      | Found a hazy altar of Hepliaklqana.
  1919 | D:3      | Found a burning altar of Makhleb.
  1919 | D:3      | Found a blossoming altar of Fedhas.
  1920 | D:3      | Found a white marble altar of Elyvilon.
  1927 | D:3      | Reached skill level 6 in Unarmed Combat
  1970 | D:3      | Reached *** piety under Trog
  2310 | D:5      | Entered Level 5 of the Dungeon
  2401 | D:5      | Noticed Grinder
  2410 | D:5      | Paralysed by Grinder for 4 turns
  2430 | D:5      | Killed Grinder
  2430 | D:5      | Reached skill level 7 in Unarmed Combat
  2430 | D:5      | Reached XP level 7. HP: 45/66 MP: 6/6
  3247 | D:4      | You fall into a shaft and drop 2 floors!
  3260 | D:6      | Found a staircase to the Ecumenical Temple.
  3284 | Temple   | Entered the Ecumenical Temple
  3494 | D:6      | Reached skill level 8 in Unarmed Combat
  3494 | D:6      | Reached XP level 8. HP: 64/74 MP: 7/7
  3719 | D:6      | Reached skill level 5 in Throwing
  3721 | D:6      | Found a snail-covered altar of Cheibriados.
  4382 | D:7      | Reached skill level 9 in Unarmed Combat
  4386 | D:7      | HP: 3/74 [poisoned by a killer bee]
  4386 | D:7      | Slain by a killer bee

Illustrated notes

Levels and vault maps discovered:
D:1:      dpeg_arrival_solitude, layout_rooms
D:2:      minmay_diamond_boxcup, layout_basic
D:3:      layout_basic, vehumet_crystals,
          chequers_temple_overflow_statue_of_worship
D:4:      layout_loops_ring, first_ration
D:5:      layout_gridville, uniq_grinder
D:6:      layout_rooms, lemuel_round_altar, minmay_temple_entry_large_hall
D:7:      cheibrodos_fzero, layout_loops_corners, grunt_livestock
Temple:   eino_temple_rhombus

Skill      XL: |  1  2  3  4  5  6  7  8 |
---------------+-------------------------+-----
Throwing       | 1 2 3 4 5 |  5.2
Unarmed Combat | 4 5 7 8 9 |  9.0
Fighting       | |  2.4
Dodging        | |  2.4

Action                   |  1- 3 |  4- 6 |  7- 9 || total
-------------------------+-------+-------+-------++-------
Melee: Unarmed           |   109 |   116 |    59 ||   284
       Punch             |     1 |     2 |     1 ||     4
       Broad axe         |       |     5 |       ||     5
 Fire: Hunting sling     |       |     3 |       ||     3
Throw: Boomerang         |    28 |    65 |    40 ||   133
Invok: Berserk           |       |     1 |     2 ||     3
       Trog's Hand       |       |     1 |     1 ||     2
  Use: Scroll            |       |     3 |     7 ||    10
       Potion            |       |       |     4 ||     4
 Stab: Sleeping          |     1 |     2 |       ||     3
  Eat: Chunk             |    13 |    15 |    13 ||    41
Armor: Animal skin       |    39 |    47 |    20 ||   106
Dodge: Dodged            |    49 |    54 |    27 ||   130
